 Dungeon Crawl Stone Soup version 0.31-a0-193-gdfe2569204 (webtiles) character file.

Game seed: 5481353417883444588

85 qw the Shooter (level 4, -2/25 HPs)
             Began as a Deep Elf Hunter on June 24, 2023.
             Slain by Sigmund
             ... wielding a +0 scythe
              (8 damage)
             ... on level 2 of the Dungeon.
             The game lasted 00:00:32 (1458 turns).

qw the Shooter (Deep Elf Hunter)                    Turns: 1458, Time: 00:00:33

Health: -2/25      AC:  6    Str: 10    XL:     4   Next: 25%
Magic:  6/6        EV: 11    Int: 14    God:
Gold:   47         SH:  0    Dex: 18    Spells: 3/3 levels left

rFire   . . .        Y - +0 shortbow
rCold   . . .        (shield currently unavailable)
rNeg    . . .        j - +0 ring mail
rPois   .            d - +0 helmet
rElec   .            (no cloak)
rCorr   .            (no gloves)
SInv    .            (no boots)
Will    .....        (no amulet)
Stlth   +            (no ring)
HPRegen 0.24/turn    (no ring)
MPRegen 0.10/turn

%: no passive effects
@: no status effects
A: no striking features
a: no special abilities


You were on level 2 of the Dungeon.
You visited 1 branch of the dungeon, and saw 2 of its levels.

You collected 47 gold pieces.


   Skills:
 - Level 1.5 Fighting
 + Level 7.7 Ranged Weapons
 - Level 2.4 Dodging
 - Level 1.2 Stealth


You had 3 spell levels left.
You didn't know any spells.
Your spell library was empty.

Inventory:

Hand Weapons
 Y - a +0 shortbow (weapon)
Armour
 d - a +0 helmet (worn)
 f - a +0 pair of boots
 j - a +0 ring mail (worn)
Scrolls
 a - a scroll of identify
 e - a scroll of blinking {unknown}
Potions
 b - a potion of attraction {unknown}
 c - a potion of enlightenment {unknown}
 g - a potion of curing {unknown}
 h - a potion of degeneration {unknown}
 i - a potion of cancellation {unknown}

Dungeon Overview and Level Annotations

Branches:
Dungeon (2/15)

Altars:

Annotations:
D:2 1 runed translucent door, Crazy Yiuf, Sigmund


Message History

You kill the bat!
As you open the door, it creaks loudly!
A kobold comes into view. It is wielding a +0 short sword.
The kobold shouts!
Sigmund the Dreaded comes into view.
He is wielding a +0 scythe.
The kobold throws a stone.
The stone closely misses you.
Enter note:
Enter note:
Enter note:
Enter note:
Enter note:
Enter note:
Enter note:
Enter note:
Enter note: You shoot an arrow.
Sigmund shouts!
The arrow hits Sigmund!
Sigmund is moderately wounded.
The kobold throws a stone.
The stone misses you.
Sigmund hits you from afar with a +0 scythe.
You shoot an arrow. The arrow hits Sigmund.
Sigmund is heavily wounded.
Sigmund misses you.
You shoot an arrow. The arrow hits the kobold.
The kobold is severely wounded.
The kobold closely misses you.
You shoot an arrow. The arrow closely misses the kobold.
Sigmund gestures wildly while chanting.
Sigmund flickers and vanishes!
Deactivating autopickup; reactivate with Ctrl-A.
The kobold hits you but does no damage.
You shoot an arrow. The arrow hits the kobold.
You kill the kobold!
Something hits you!
You shoot an arrow. Something hits you!
You shoot an arrow. Something hits you!
You die...

#.# #.....# #....
#######.######.....# #...)
............##.....# #....
.######.###.##.....#####....
#.# #..###%........... ...
##.# #########.... #### #.##
#....
#....##..###########.##
+....)@................
#...{####..############ #...
##.##### #.. #.....## ### #.
#####..## #.. # #.....## #..
#......# #.. #.)..#.###..
##################
#....#......


There were no monsters in sight!

Vanquished Creatures
  Jessica (D:2)
  2 adders (D:2)
  4 endoplasms
  A giant cockroach (D:2)
  2 goblins
  6 hobgoblins
  2 quokkas
  3 ball pythons (D:1)
  11 bats
  2 frilled lizards
  5 kobolds
  2 rats
41 creatures vanquished.

Notes
Turn   | Place    | Note
-------+----------+-------------------------------------------
     0 | D:1      | qw the Deep Elf Hunter began the quest for the Orb.
     0 | D:1      | Reached XP level 1. HP: 12/12 MP: 3/3
     0 | D:1      | 0 ||| qw: Version: 0.3-a-9-g12657ce
     0 | D:1      | 0 ||| qw: Game counter: 4707
     0 | D:1      | 0 ||| qw: Always use a shield: true
     0 | D:1      | 0 ||| qw: God list: Okawaru
     0 | D:1      | 0 ||| qw: Allow faded altars: false
     0 | D:1      | 0 ||| qw: Do Orc after D:15 true
     0 | D:1      | 0 ||| qw: Do second Lair branch before Depths: true
     0 | D:1      | 0 ||| qw: Lair rune preference: random
     0 | D:1      | 0 ||| qw: Plans: Normal
     0 | D:1      | 0 ||| PLANNING D:1-11
   130 | D:1      | Reached skill level 6 in Ranged Weapons
   130 | D:1      | Reached XP level 2. HP: 16/16 MP: 4/4
   638 | D:1      | 638 ||| UPGRADING to +0 helmet.
   643 | D:1      | 643 ||| UPGRADING to +0 ring mail.
   653 | D:1      | 653 ||| DROPPING +0 leather armour.
   654 | D:1      | 654 ||| READING 2 scrolls labelled SONERY HEOLE.
   655 | D:1      | 655 ||| READING scroll labelled BOH TOSOTIRENG.
   656 | D:1      | 656 ||| READING scroll labelled XOBANALUPH.
   661 | D:1      | 661 ||| READING scroll labelled VIECOT BAINTU.
   662 | D:1      | 662 ||| DROPPING scroll of butterflies.
   700 | D:2      | Reached XP level 3. HP: 20/20 MP: 5/5
   846 | D:2      | Found a runed translucent door.
   847 | D:2      | Noticed Crazy Yiuf
  1034 | D:2      | Reached skill level 7 in Ranged Weapons
  1193 | D:2      | Noticed Jessica
  1195 | D:2      | Killed Jessica
  1196 | D:2      | Reached XP level 4. HP: 25/25 MP: 6/6
  1451 | D:2      | Noticed Sigmund
  1457 | D:2      | HP: 6/25 [something (7)]
  1458 | D:2      | Slain by Sigmund

Levels and vault maps discovered:
D:1:      dpeg_arrival_three_bigger_balls, layout_basic
D:2:      layout_basic, uniq_jessica, uniq_sigmund, uniq_crazy_yiuf_cottage

Skill      XL: |  1  2  3 |
---------------+----------+-----
Ranged Weapons | 6 7 |  7.7
Fighting       | |  1.5
Dodging        | |  2.4
Stealth        | |  1.2

Action                     |  1- 3 |  4- 6 || total
---------------------------+-------+-------++-------
   Fire: Shortbow          |   114 |    10 ||   124
    Use: Scroll            |     4 |       ||     4
 Armour: Leather armour    |    14 |       ||    14
         Ring mail         |     5 |     1 ||     6
  Dodge: Dodged            |    45 |     4 ||    49

Table legend:
 A = Non-vault XP
 B = Vault XP
 C = Vault XP percentage of total XP
 D = Non-vault monster count
 E = Vault monster count
 F = Vault count percentage of total count
                 A         B        C        D         E       F
            +---------+---------+-------+---------+---------+-------
      Total |      85 |      37 |  30.3 |      40 |       1 |   2.4
            +---------+---------+-------+---------+---------+-------
        D:1 |      38 |       0 |   0.0 |      25 |       0 |   0.0
        D:2 |      47 |      37 |  44.0 |      15 |       1 |   6.2
            +---------+---------+-------+---------+---------+-------
